 Dungeon Crawl Stone Soup version 0.31.0-32-g396128a36d (webtiles) character file.

Game seed: 17933595411944572651

104 Peloso the Covered (level 4, 0/40 HPs)
             Began as a Minotaur Fighter on Mar 17, 2024.
             Slain by an orc
             ... wielding a +0 flail
              (4 damage)
             ... on level 3 of the Dungeon.
             The game lasted 00:04:31 (1378 turns).

Peloso the Covered (Minotaur Fighter)               Turns: 1378, Time: 00:04:31

Health: 0/40       AC: 12    Str: 20    XL:     4   Next: 52%
Magic:  3/3        EV:  3    Int:  5    God:
Gold:   128        SH:  0    Dex: 12    Spells: 3/3 levels left

rFire   . . .        a - +0 long sword
rCold   . . .        d - +0 tower shield
rNeg    + . .        k - +0 plate armour
rPois   .            (helmet restricted)
rElec   .            (no cloak)
rCorr   .            (no gloves)
SInv    .            (no boots)
Will    .....        (no amulet) Stlth
                     e - ring of positive energy
HPRegen 0.26/turn    (no ring)
MPRegen 0.08/turn

%: no passive effects
@: confused, lethally poisoned (0 -> -1)
A: horns 2, retaliatory headbutt
a: no special abilities


You were on level 3 of the Dungeon.
You visited 1 branch of the dungeon, and saw 3 of its levels.

You collected 128 gold pieces.

Inventory:

Hand Weapons
 a - a +0 long sword (weapon)
Armour
 d - a +0 tower shield (worn)
 k - a +0 plate armour (worn)
Jewellery
 e - a ring of positive energy (left hand)
Scrolls
 f - a scroll of butterflies {unknown}
 i - a scroll of blinking {unknown}
 l - a scroll of immolation
Potions
 g - 2 potions of cancellation {unknown}
 h - a potion of might
 j - 2 potions of mutation {unknown}


   Skills:
 + Level 4.2 Fighting
 + Level 3.5 Long Blades
 + Level 4.5 Armour
 + Level 1.1 Dodging
 + Level 4.4 Shields


You had 3 spell levels left.
You didn't know any spells.
Your spell library was empty.

Dungeon Overview and Level Annotations

Branches:
Dungeon (3/15)

Altars:


Innate Abilities, Weirdness & Mutations

You have a pair of horns on your head.
You reflexively headbutt those who attack you in melee.


Message History

You hear some strange, mumbled words.
You are confused.
The orc priest hits you but does no damage.
The orc hits you but does no damage.
The orc wizard casts a spell.
The orc wizard flickers and vanishes!
The adder bites you but does no damage. The orc barely misses you.
The orc priest hits you but does no damage.
Something hits you but does no damage.
You hear some strange, mumbled words.
You are more confused.
You're too confused to move!
The adder bites you.
You are poisoned.
The adder poisons you! Something hits you but does no damage.
The orc barely misses you.
You hear some strange, mumbled words.
You are more confused.
The orc priest hits you but does no damage.
The adder bites you but does no damage.
You hit the orc priest but do no damage.
You headbutt the orc priest.
The orc priest is moderately wounded.
You feel sick. The adder bites you but does no damage.
Something hits you but does no damage. The orc hits you but does no damage.
The orc priest hits you but does no damage.
Something hits you.
* * * LOW HITPOINT WARNING * * *
The adder barely misses you.
You hit the orc priest but do no damage.
The orc priest is moderately wounded.
You feel sick.
The orc priest hits you but does no damage.
The orc hits you but does no damage.
Something hits you but does no damage. x2
The adder bites you but does no damage. Something hits you but does no damage.
You hear some strange, mumbled words.
You are more confused.
The orc priest hits you with a +0 club.
* * * LOW HITPOINT WARNING * * *
The orc hits you with a +0 flail.
You die...

#.# ####### #)#
#.....#####.#
#........##.#
#.?.#.##.##.#
#..#...#.##.# #
#$.....#.##.#
.####.#So.#.##.##.##
......{@...........#
.####.{o.......#####
############


You could see an orc priest, an adder and an orc.

Vanquished Creatures
  Terence (D:2)
  2 adders (D:3)
  A dart slug (D:3)
  An orc (D:3)
  9 ball pythons
  3 endoplasms
  2 giant cockroaches
  7 goblins
  6 hobgoblins
  A kobold (D:3)
  3 quokkas
  11 bats
  4 frilled lizards
  5 rats
56 creatures vanquished.

Notes
Turn   | Place    | Note
-------+----------+-------------------------------------------
     0 | D:1      | Peloso the Minotaur Fighter began the quest for the Orb.
     0 | D:1      | Reached XP level 1. HP: 19/19 MP: 0/0
   106 | D:1      | Reached XP level 2. HP: 18/27 MP: 1/1
   352 | D:1      | Reached XP level 3. HP: 28/33 MP: 2/2
   607 | D:2      | Noticed Terence
   614 | D:2      | Killed Terence
   731 | D:2      | Noticed a shining eye
   734 | D:2      | Found a faded altar of an unknown god.
   735 | D:2      | Noticed a shining eye
   735 | D:2      | Noticed a great orb of eyes
   735 | D:2      | Noticed a great orb of eyes
   739 | D:2      | Reached XP level 4. HP: 40/40 MP: 3/3
  1026 | D:2      | Reached skill level 1 in Dodging
  1378 | D:3      | Slain by an orc

Illustrated notes

Levels and vault maps discovered:
D:1:      saegor_arrival_simple_d, layout_rooms
D:2:      layout_basic, hellmonk_ecumenical_altar_watching_god, uniq_terence
D:3:      layout_basic

Skill      XL: |  1  2  3  4 |
---------------+-------------+-----
Fighting       | 4 |  4.2
Armour         | 4 |  4.5
Shields        | 4 |  4.4
Long Blades    | 3 |  3.5
Dodging        | 1 |  1.1

Action                     |  1- 3 |  4- 6 || total
---------------------------+-------+-------++-------
  Melee: Long sword        |    92 |    49 ||   141
         Headbutt          |    11 |     6 ||    17
    Use: Scroll            |     1 |       ||     1
         Potion            |     1 |       ||     1
 Armour: Scale mail        |    78 |       ||    78
         Chain mail        |    12 |     4 ||    16
         Plate armour      |       |    59 ||    59
  Dodge: Dodged            |    76 |    16 ||    92
  Block: Buckler           |    31 |     6 ||    37
         Tower shield      |       |    29 ||    29
